 Dungeon Crawl Stone Soup version 0.22-a0-756-gc33bbe721d (webtiles) character file.

597 Bapho the Chopper (level 7, 0/61 HPs)
             Began as a Minotaur Chaos Knight on July 16, 2018.
             Succumbed to a water moccasin's poison
             ... on level 5 of the Dungeon.
             The game lasted 00:06:51 (2935 turns).

Bapho the Chopper (Minotaur Chaos Knight)           Turns: 2935, Time: 00:06:52

Health: 0/61       AC: 12    Str: 19    XL:     7   Next: 17%
Magic:  15/15      EV:  8    Int:  9    God:    Xom [.*....]
Gold:   188        SH:  0    Dex:  9    Spells: 6/6 levels left

rFire    . . .     SeeInvis .   a - +0 hand axe (chaos)
rCold    . . .     Gourm    .   (no shield)
rNeg     . . .     Faith    .   k - +0 chain mail
rPois    .         Spirit   .   (helmet restricted)
rElec    .         Reflect  .   o - +0 cloak
rCorr    .         Harm     .   (no gloves)
MR       .....                  g - +0 pair of boots
Stlth    ..........             (no amulet)
HPRegen  0.20/turn              r - ring of magical power
MPRegen  0.14/turn              (no ring)

@: lethally poisoned (0 -> -2), vulnerable
A: retaliatory headbutt, horns 2, blurry vision 1, deterioration 1
a: Renounce Religion


You were on level 5 of the Dungeon.
You worshipped Xom.
You were a plaything of Xom.
You were not hungry.

You visited 1 branch of the dungeon, and saw 5 of its levels.

You collected 188 gold pieces.

Inventory:

Hand Weapons
 a - a +0 hand axe of chaos (weapon)
Missiles
 e - 90 stones (quivered)
 i - 2 javelins
Armour
 b - a +2 leather armour
 g - a +0 pair of boots (worn)
 k - a +0 chain mail (worn)
 o - a +0 cloak (worn)
Jewellery
 r - a ring of magical power (left hand)
Wands
 m - a wand of flame (29)
Scrolls
 d - 3 scrolls of immolation
 h - a scroll of teleportation
 l - a scroll of remove curse
Comestibles
 c - 6 rations
 f - 23 chunks of flesh


   Skills:
 + Level 5.4 Fighting
 * Level 6.9 Axes
 + Level 4.7 Armour
 + Level 3.7 Dodging


You had 6 spell levels left.
You didn't know any spells.
Your spell library was empty.

Dungeon Overview and Level Annotations

Branches:
Dungeon (6/15)
 Temple: D:4-7

Altars:
Okawaru
Trog
Yredelemnul

Annotations:
D:5 Prince Ribbit
Abyss:1 Blork the orc


Innate Abilities, Weirdness & Mutations

You reflexively headbutt those who attack you in melee.
You have a pair of horns on your head.
Scrolls take you a little longer to read.
Your body sometimes deteriorates upon taking damage.


Message History

Really read with blurry vision while enemies are nearby?
You begin reading the scroll.
You continue reading the scroll.
* * * LOW HITPOINT WARNING * * *
You feel sick. The orc hits you but does no damage.
As you read the scroll labeled PIX PINODWI, it crumbles to dust.
You feel aware of your surroundings.
You sensed 1 altar.
It was a scroll of magic mapping.
Really read with blurry vision while enemies are nearby?
You begin reading the scroll.
You continue reading the scroll.
* * * LOW HITPOINT WARNING * * *
You feel sick.
Prince Ribbit blinks!
The orc hits you but does no damage.
As you read the scroll labeled JOJALOMEVO, it crumbles to dust.
Magic quickly surges around you.
It was a scroll of vulnerability.
You hit the orc. You burn the orc.
You kill the orc!
The centaur skeleton hits you but does no damage.
You hit the centaur skeleton.
The centaur skeleton seems to speed up.
The centaur skeleton is lightly damaged.
You die...
Xom howls with laughter!

,,,,,* *,,,* #.# *,* *,,.. ,,,,,*
*,,,* #.# ***,* *,,,, *******
*,,,* #.# *,*,*****,,,,
,,>,,,***,,,###.#####.#,,,,,*,,,,
,,,,,,,,+,,,+.........#,,,,,*,,,,
,,,,,,***,,,###.#####.#..,,,,,,,,
******* *,,,* #.##*.....#***,,,**
*,,,* #..#*.....# *,,,* *****
##@#*.....##**,,,*
***######Z##.......,*,,,*
*,.........#.(.....,*,,,*
*,########o#.o.....,*,,,* *,*
#.l..o....,*,,,* *,*
#####.....,*,,,* *,*
****+*...,***** *,* **,**,*,,.,*
*,* **,,**,*,,,,* *


You could see an iguana, an orc and a centaur skeleton.

Vanquished Creatures
  A water moccasin (D:5)
  A phantom (D:2)
  A crimson imp (D:5)
  A hound (D:6)
  2 centaur skeletons (D:5)
  A gnoll (D:6)
  6 adders
  A dart slug (D:3)
  3 leopard geckos
  7 orcs
  4 giant cockroaches
  8 goblins
  5 hobgoblins
  11 jackals
  6 kobolds
  2 quokkas (D:3)
  7 bats
  A frilled lizard (D:5)
  3 rats
71 creatures vanquished.

Vanquished Creatures (collateral kills)
  An ogre (D:6)
  A bullfrog (D:6)
2 creatures vanquished.

Grand Total: 73 creatures vanquished

Notes
Turn   | Place    | Note
-------+----------+-------------------------------------------
     0 | D:1      | Bapho the Minotaur Chaos Knight began the quest for the Orb.
     0 | D:1      | Reached XP level 1. HP: 19/19 MP: 0/0
   162 | D:1      | XOM: harmless Hex miscast
   333 | D:1      | XOM: silly message
   336 | D:1      | Reached XP level 2. HP: 27/27 MP: 1/1
   347 | D:1      | XOM is BORED!
   347 | D:1      | XOM: harmless Chrm miscast
   357 | D:1      | XOM: silly message
   559 | D:1      | Reached skill level 4 in Axes
   718 | D:1      | XOM: silly message
   763 | D:1      | XOM: silly message
  1030 | D:2      | Reached XP level 3. HP: 25/33 MP: 2/2
  1153 | D:2      | Noticed a phantom
  1167 | D:2      | Killed a phantom
  1167 | D:2      | Reached skill level 5 in Axes
  1167 | D:2      | Reached XP level 4. HP: 23/41 MP: 3/3
  1167 | D:2      | Reached XP level 5. HP: 27/47 MP: 4/4
  1416 | D:2      | XOM: torment (25/47 hp)
  1794 | D:2      | XOM: give mutations
  1794 | D:2      | Gained mutation: Scrolls take you a little longer to read. [Xom's mischief]
  1794 | D:2      | Gained mutation: Your body sometimes deteriorates upon taking damage. [Xom's mischief]
  2041 | D:2      | XOM: harmless Pois miscast
  2304 | D:3      | Found a bloodstained altar of Trog.
  2304 | D:3      | XOM: 9-stop teleportation journey
  2346 | D:3      | Found an iron altar of Okawaru.
  2346 | D:3      | XOM: 6-stop teleportation journey
  2763 | D:3      | You fall through a shaft for 3 floors!
  2764 | D:6      | XOM: summons 4 friendly demons
  2764 | D:6      | Noticed an ogre
  2765 | D:6      | Reached XP level 6. HP: 55/55 MP: 5/5
  2766 | D:6      | Reached skill level 6 in Axes
  2774 | D:6      | Reached skill level 5 in Fighting
  2807 | D:5      | Entered Level 5 of the Dungeon
  2807 | D:5      | Noticed Blork the orc
  2811 | D:5      | Found a basalt altar of Yredelemnul.
  2811 | D:5      | XOM: swap monsters
  2817 | D:5      | Banished Blork the orc
  2897 | D:5      | Noticed Prince Ribbit
  2903 | D:5      | XOM: smoke on damage
  2908 | D:5      | XOM: harmless Hex miscast
  2914 | D:5      | Noticed a water moccasin
  2914 | D:5      | a scorpion changed into a water moccasin
  2928 | D:5      | Killed a water moccasin
  2928 | D:5      | Reached XP level 7. HP: 3/61 MP: 6/6
  2929 | D:5      | HP: 2/61 [poisoned by a water moccasin]
  2935 | D:5      | Succumbed to a water moccasin's poison

Vault maps used:
D:1:      dpeg_chamrin_arrival_tetris, minivault_27,
          minmay_misc_feat_more_columns, minmay_pentomino_r4
D:2:      first_ration, kennysheep_generic_room_9
D:3:      bloody_trog, okawaru_metal_pillars_1_2
D:5:      overflow_temple_1_default, ebering_ghost_reflecting_pool,
          nicolae_tso_swordbearing_angel, uniq_prince_ribbit1,
          uniq_blork_the_orc
D:6:      old_standard_altar, minmay_temple_entry_poolview,
          ebering_ghost_sewer_f, lightli_corner_chamber

Skill      XL: |  1  2  3  4  5  6 |
---------------+-------------------+-----
Axes           | 4 5 6 |  6.9
Fighting       | 4 5 |  5.4
Armour         | 3 4 |  4.7
Dodging        | 2 3 |  3.7

Action                   |  1- 3 |  4- 6 |  7- 9 || total
-------------------------+-------+-------+-------++-------
Melee: Hand axe          |    60 |   115 |     3 ||   178
       Headbutt          |     5 |    13 |       ||    18
Throw: Stone             |    46 |    79 |       ||   125
  Use: Scroll            |       |     5 |     2 ||     7
       Potion            |       |     5 |       ||     5
 Stab: Confused          |     2 |       |       ||     2
  Eat: Chunk             |     1 |     5 |       ||     6
Armor: Leather armour    |    14 |       |       ||    14
       Chain mail        |     9 |    71 |     3 ||    83
Dodge: Dodged            |    31 |    36 |       ||    67

Table legend:
 A = Spawn XP
 B = Non-spawn XP
 C = Spawn XP percentage of total XP
 D = Spawn monster count
 E = Non-spawn monster count
 F = Spawn count percentage of total count
 G = Total turns spent on level
                    A         B        C        D         E        F      G
               +---------+---------+-------+---------+---------+-------+---------
         Total |       0 |     854 |   0.0 |       0 |      74 |   0.0 |  2935
               +---------+---------+-------+---------+---------+-------+---------
           D:1 |       0 |      37 |   0.0 |       0 |      21 |   0.0 |  1026
           D:2 |       0 |     203 |   0.0 |       0 |      15 |   0.0 |  1115
           D:3 |       0 |      69 |   0.0 |       0 |      19 |   0.0 |   622
           D:5 |       0 |     334 |   0.0 |       0 |      11 |   0.0 |   128
           D:6 |       0 |     211 |   0.0 |       0 |       8 |   0.0 |    44
               +---------+---------+-------+---------+---------+-------+---------
